 Dungeon Sprint DCSS version 0.30-a0-241-g1121274140 (webtiles) character file.

Game seed: 8077597874906606616

445 valliere the Basher (level 6, -2/62 HPs)
             Began as a Minotaur Fighter on Oct 10, 2022.
             Was an Initiate of Jiyva.
             Asphyxiated
             ... in the Dungeon (Sprint I: "Red Sonja").
             The game lasted 00:03:26 (473 turns).

valliere the Basher (Minotaur Fighter)               Turns: 473, Time: 00:03:27

Health: -2/62      AC:  8    Str: 23    XL:     6   Next: 72%
Magic:  5/5        EV:  9    Int:  5    God:    Jiyva [......]
Gold:   162        SH:  5    Dex:  9    Spells: 5/5 levels left

rFire   . . .      SeeInvis .    a - +0 flail
rCold   . . .      Faith    .    c - +0 buckler
rNeg    . . .      Spirit   .    b - +0 scale mail
rPois   .          Reflect  .    (helmet restricted)
rElec   .          Harm     .    (no cloak)
rCorr   .          Rampage  .    (no gloves)
Will    .....      NoTele   +    (no boots)
Stlth   ..........               (no amulet)
HPRegen 0.30/turn                (no ring)
MPRegen 0.09/turn                (no ring)

@: mighty, lethally poisoned (-2 -> -15)
A: horns 2, retaliatory headbutt
a: Renounce Religion


You were in the Dungeon.
You worshipped Jiyva.
Jiyva was noncommittal.
You visited 1 branch You collected 162 gold pieces.

Inventory:

Hand Weapons
 a - a +0 flail (weapon)
Armour
 b - a +0 scale mail (worn)
 c - a +0 buckler (worn)
Wands
 k - a wand of quicksilver (6)
Potions
 e - a potion of curing
 g - a potion of haste
 h - 2 potions of magic
 i - a potion of berserk rage


   Skills:
 + Level 8.6 Fighting
 * Level 11.2 Maces & Flails
 + Level 8.6 Armour
 + Level 8.6 Shields


You had 5 spell levels left.
You didn't know any spells.
Your spell library was empty.

Dungeon Overview and Level Annotations

Branches:
Dungeon (1/1)

Altars:
Cheibriados
Dithmenos
Elyvilon
Fedhas
Gozag
Hepliaklqana
Kikubaaqudgha
Makhleb
Nemelex Xobeh
Okawaru
Qazlal
Ru
Sif Muna
Trog
Uskayaw
Vehumet
Wu Jian
Xom
Yredelemnul
Zin
The Shining One
Jiyva
Lugonu

Shops:
D (

Annotations:
D Sonja


Innate Abilities, Weirdness & Mutations

You have a pair of horns on your head.
You reflexively headbutt those who attack you in melee.


Message History

Sonja zaps a wand.
The roots erupt in riotous growth!
The grasping roots grab you! The grasping roots constrict you.
You hear a distant slurping noise.
You escape the roots grasp.
Found three altars.
Sonja zaps a wand.
The roots erupt in riotous growth!
The grasping roots grab you! The grasping roots constrict you.
You hear a distant slurping noise.
Sonja plants her feet in a plie.
The grasping roots constrict you.
A centaur warrior opens the door.
The centaur warrior shouts!
You hear a shout! x2
Okay, then.
You barely miss Sonja.
The centaur warrior wields a +0 longbow.
The centaur warrior shoots an arrow.
The arrow hits you!!
Sonja hits you with a +1 short sword of distortion!
Space warps horribly around you!
* * * LOW HITPOINT WARNING * * *
You block Sonja's attack. Sonja closely misses you.
The grasping roots constrict you.
* * * LOW HITPOINT WARNING * * *
Blink to where?
Press: ? - help, Dir - move target You escape the roots grasp.
Found eight altars.
As you read the scroll of blinking, it crumbles to dust.
You feel very mighty all of a sudden.
Sonja twirls her cape.
Sonja gestures wildly while chanting.
Sonja blinks!
You aren't carrying any scrolls.
Okay, then.
Aiming: Quicksilver Bolt
Press: ? - help, Shift-Dir - straight line, f - Sonja
Aim: Sonja, wielding a +1 short sword of distortion, quivering curare-tipped darts and carrying a wand of roots (9) (29% to hit)
The bolt of dispelling energy misses Sonja.
Sonja throws a curare-tipped dart.
The curare-tipped dart hits you.
You are lethally poisoned!
You have difficulty breathing.
You die...

#<.#..)..#..'..#__#
#..').#..').#..'..+
#..#####'#####'#__#
#..####..#.. #.####.
#..#__####..##.#c~~.
#..#____K##.#_.§§§~.
#⌠⌠#_.∩....§c._#
####_..__##_.#+#
#_@___###.# #######
#.# ... ... ##.# #+#


You could see a centaur warrior (misshapen) and Sonja.

Vanquished Creatures
  A slime creature (D)
  Sigmund (D)
  An ogre (D)
  Ijyb (D)
4 creatures vanquished.

Vanquished Creatures (others)
  A shining eye (D)
  An unseen horror (D)
  A yak (D)
  2 floating eyes (D)
  7 necrophages (D)
  8 jellies (D)
20 creatures vanquished.

Grand Total: 24 creatures vanquished

Notes
Turn   | Place    | Note
-------+----------+-------------------------------------------
     0 | D        | valliere the Minotaur Fighter began the quest for the Orb.
     0 | D        | Reached XP level 1. HP: 19/19 MP: 0/0
     1 | D        | Noticed Ijyb
     8 | D        | Killed Ijyb
     9 | D        | Reached skill level 4 in Maces & Flails
     9 | D        | Reached XP level 2. HP: 24/28 MP: 1/1
    28 | D        | Noticed an ogre
    33 | D        | Killed an ogre
    34 | D        | Reached skill level 7 in Maces & Flails
    34 | D        | Reached XP level 3. HP: 11/37 MP: 2/2
    34 | D        | Reached XP level 4. HP: 13/44 MP: 3/3
   158 | D        | Noticed Sigmund
   166 | D        | Killed Sigmund
   167 | D        | Reached skill level 9 in Maces & Flails
   167 | D        | Reached XP level 5. HP: 21/52 MP: 4/4
   287 | D        | Found a burning altar of Makhleb.
   287 | D        | Found a viscous altar of Jiyva.
   287 | D        | Found a shimmering altar of Xom.
   287 | D        | Found a corrupted altar of Lugonu.
   287 | D        | Noticed a slime creature
   296 | D        | HP: 2/52 [slime creature (9)]
   303 | D        | Killed a slime creature
   304 | D        | Reached skill level 11 in Maces & Flails
   304 | D        | Reached XP level 6. HP: 15/62 MP: 5/5
   309 | D        | Became a worshipper of Jiyva Juzxuem the Shapeless
   324 | D        | Killed a yak
   365 | D        | Killed an unseen horror
   434 | D        | Killed a floating eye
   441 | D        | Killed a floating eye
   458 | D        | Killed a shining eye
   461 | D        | Found an ornate altar of the Wu Jian Council.
   461 | D        | Found a shimmering blue altar of Sif Muna.
   463 | D        | Found a radiant altar of Vehumet.
   465 | D        | Found a hazy altar of Hepliaklqana.
   465 | D        | Found a hide-covered altar of Uskayaw.
   466 | D        | Found Tykesef's Antique Weapon Emporium.
   466 | D        | Found a stormy altar of Qazlal.
   466 | D        | Found a blossoming altar of Fedhas.
   466 | D        | Found a bloodstained altar of Trog.
   466 | D        | Noticed Sonja
   469 | D        | Found an iron altar of Okawaru.
   469 | D        | Found a sacrificial altar of Ru.
   469 | D        | Found a glowing silver altar of Zin.
   469 | D        | Noticed a centaur warrior
   471 | D        | Found a snail-covered altar of Cheibriados.
   471 | D        | Found a shadowy altar of Dithmenos.
   471 | D        | Found an opulent altar of Gozag.
   471 | D        | Found a sparkling altar of Nemelex Xobeh.
   471 | D        | Found a basalt altar of Yredelemnul.
   471 | D        | Found an ancient bone altar of Kikubaaqudgha.
   471 | D        | Found a glowing golden altar of the Shining One.
   471 | D        | Found a white marble altar of Elyvilon.
   473 | D        | Asphyxiated

Illustrated notes

Levels and vault maps discovered:
D:        dungeon_sprint_1 [red_sonja_temple_1, red_sonja_temple_small_1]

Skill      XL: |  1  2  3  4  5 |
---------------+----------------+-----
Fighting       | 4 6 7 8 |  8.6
Maces & Flails | 4 7 9 11 | 11.2
Armour         | 4 6 7 8 |  8.6
Shields        | 4 6 7 8 |  8.6

Action                   |  1- 3 |  4- 6 || total
-------------------------+-------+-------++-------
Melee: Flail             |    10 |    21 ||    31
       Headbutt          |     1 |     3 ||     4
Evoke: Wand              |       |     1 ||     1
  Use: Potion            |       |     2 ||     2
       Scroll            |       |     1 ||     1
Armor: Scale mail        |     1 |     1 ||     2
Dodge: Dodged            |     6 |     5 ||    11
Block: Buckler           |     1 |     4 ||     5

Table legend: (Time is in decaauts)
 A = Elapsed time spent in this place.
 B = Non-inter-level travel time spent in this place.
 C = Inter-level travel time spent in this place.
 D = Time resting spent in this place.
 E = Time spent auto-exploring this place.
 F = Levels seen in this place.
 G = Mean time per level.
                   A        B        C        D        E       F      G
               +--------+--------+--------+--------+--------+-----+--------+
         Total |    475 |    475 |      0 |    258 |    143 |   1 |  475.0 |
       Dungeon |    475 |    475 |      0 |    258 |    143 |   1 |  475.0 |
               +--------+--------+--------+--------+--------+-----+--------+

Top non-repeatable levels by time:
       D: 475 daAuts
